 Dungeon Crawl Stone Soup version 0.24-a0-91-g4e4936a (webtiles) character file.

Game seed: 16171619151035343259

45 Dantiko the Bolt Thrower (level 3, 0/21 HPs)
             Began as a Kobold Hunter on Feb 8, 2019.
             Succumbed to an adder's poison
             ... on level 1 of the Dungeon.
             The game lasted 00:04:11 (1933 turns).

Dantiko the Bolt Thrower (Kobold Hunter)            Turns: 1933, Time: 00:04:12

Health: 0/21       AC:  3    Str: 14 (15) XL:     3   Next: 90%
Magic:  3/3        EV: 14    Int:  9 (12) God:
Gold:   131        SH:  0    Dex: 14 (15) Spells: 2/2 levels left

rFire    . . .     SeeInvis .   b - +0 short sword
rCold    . . .     Gourm    .   (shield restricted)
rNeg     . . .     Faith    .   c - +0 leather armour
rPois    .         Spirit   .   (no helmet)
rElec    .         Reflect  .   (no cloak)
rCorr    .         Harm     .   (no gloves)
MR       .....                  (no boots)
Stlth    +.........             (no amulet)
HPRegen  0.07/turn              (no ring)
MPRegen  0.08/turn              (no ring)

@: mighty, lethally poisoned (0 -> -3), berserk cooldown, slowed, very slow
A: small, hooves 1, blink, carnivore, wild magic 1
a: Blink


You were on level 1 of the Dungeon.
You were full.

You visited 1 branch of the dungeon, and saw 2 of its levels.

You collected 131 gold pieces.

Inventory:

Hand Weapons
 a - a +1 hand crossbow
 b - a +0 short sword (weapon)
Missiles
 d - 18 bolts
Armour
 c - a +0 leather armour (worn)
Scrolls
 i - 2 scrolls of identify {unknown}
 k - a scroll of immolation {unknown}
 l - a scroll of noise {unknown}
Comestibles
 f - 3 rations


   Skills:
 - Level 2.1 Fighting
 + Level 3.9 Short Blades
 - Level 5.0 Crossbows
 - Level 2.4 Dodging
 - Level 1.3 Stealth


You had 2 spell levels left.
You didn't know any spells.
Your spell library was empty.

Dungeon Overview and Level Annotations

Branches:
Dungeon (2/15)

Altars:


Innate Abilities, Weirdness & Mutations

You are small and have problems with some larger weapons.
You are carnivorous and can eat meat at any time.
You have large cloven feet.
You can translocate small distances at will.
Your spells are a little harder to cast, but a little more powerful.


Message History

You hit the frilled lizard.
You kill the frilled lizard!
* * * LOW HITPOINT WARNING * * *
You feel sick.
You see here a bolt.
You feel a strong urge to attack something.
You see here a bolt.
There is a lethal amount of poison in your body!
You feel your anger nearly subside.
You are no longer berserk.
You are exhausted.
You feel yourself slow down.
* * * LOW HITPOINT WARNING * * *
You feel sick.
There is a lethal amount of poison in your body!
It was a potion of might.
You feel very mighty all of a sudden.
As you read the scroll labeled QYMIRE FAIP, it crumbles to dust.
You assume a fearsome visage.
Nothing appears to happen.
It was a scroll of fear.
You die...

.# #.# #(..#....#.## ##
##+## #.#...##.#.#
##...## #.#.###....#
##.....## #.#)....#### #
##.......## ##.)######
####.........###..>.##
...'.........'.......#
####....########(########
# ##...#≈≈≈§§≈≈@§≈≈≈≈≈≈#
##..#§≈§≈≈.....≈≈≈≈≈#
##.#§§....≈≈≈....≈≈# ###
###≈§..≈≈≈.≈≈≈...≈# #.##
#≈§.≈≈..<.≈≈≈..≈# .#.##
#§...≈≈≈.≈≈≈...§#
###.#####≈≈§§..≈≈≈§§§.≈≈#
# ##.##.#≈≈≈≈≈....§≈§§§≈#
#####..(#≈§§§§§≈§≈§§§§§§#


There were no monsters in sight!

Vanquished Creatures
  An adder (D:1)
  A dart slug (D:1)
  A leopard gecko (D:1)
  4 bats (D:1)
  2 giant cockroaches
  5 goblins
  4 hobgoblins (D:1)
  5 kobolds (D:1)
  A quokka (D:2)
  3 frilled lizards (D:1)
  4 rats
31 creatures vanquished.

Notes
Turn   | Place    | Note
-------+----------+-------------------------------------------
     0 | D:1      | Dantiko the Kobold Hunter began the quest for the Orb.
     0 | D:1      | Reached XP level 1. HP: 12/12 MP: 1/1
    17 | D:1      | Reached skill level 5 in Crossbows
    45 | D:1      | Reached skill level 1 in Short Blades
    45 | D:1      | Reached XP level 2. HP: 8/17 MP: 2/2
  1035 | D:1      | Reached XP level 3. HP: 21/21 MP: 3/3
  1923 | D:1      | Gained mutation: You have large cloven feet. [potion of
                  | mutation]
  1923 | D:1      | Gained mutation: You can translocate small distances at
                  | will. [potion of mutation]
  1923 | D:1      | Gained mutation: Your spells are a little harder to cast,
                  | but a little more powerful. [potion of mutation]
  1931 | D:1      | HP: 1/21 [poisoned by an adder]
  1933 | D:1      | Succumbed to an adder's poison

Levels and vault maps discovered:
D:1:      dpeg_arrival_shrine, layout_loops_corners, minmay_pentomino_s4
D:2:      minmay_diamond_boxcup, layout_basic, lemuel_round_altar,
          minmay_mini_jars, uniq_robin, uniq_terence

Skill      XL: |  1  2  3 |
---------------+----------+-----
Crossbows      | 5 |  5.0
Short Blades   | 1 2 3 |  3.9
Fighting       | |  2.1
Dodging        | |  2.4
Stealth        | |  1.3

Action                   || total
-------------------------++-------
Melee: Short sword       ||   150
 Fire: Hand crossbow     ||     3
  Use: Potion            ||     4
       Scroll            ||     1
 Stab: Sleeping          ||     2
  Eat: Chunk             ||     9
Armor: Leather armour    ||    34
Dodge: Dodged            ||   117

Table legend:
 A = Non-vault XP
 B = Vault XP
 C = Vault XP percentage of total XP
 D = Non-vault monster count
 E = Vault monster count
 F = Vault count percentage of total count
                 A         B        C        D         E       F
            +---------+---------+-------+---------+---------+-------
      Total |      58 |       7 |  10.8 |      27 |       4 |  12.9
            +---------+---------+-------+---------+---------+-------
        D:1 |      51 |       7 |  12.1 |      23 |       4 |  14.8
        D:2 |       7 |       0 |   0.0 |       4 |       0 |   0.0
            +---------+---------+-------+---------+---------+-------
